AoeStats
← 954496522

Arena

506617357Analyzed
4v4 RM · 17d ago on Sep 14, 2026· 38m 25s· 8 players
Game mode
Random Map
Map size
Large (8 player)
Population
200
Speed
Normal
Resources
Standard
Victory
Conquest
Starting age
Dark Age
Ending age
Imperial Age
RankedLock teamsTeams togetherTeam positionsShared explorationLock speedFull tech treeHidden civsTurbo modeCheats
Victory
Defeat
🇯🇴 Turks · Jordan
1120
+13
🇸🇪 Poles · Sweden
1069
+15
🇨🇳 Hindustanis · China
1062
+15
🇮🇱 Japanese · Israel
1025
+17
🇨🇳 Franks · China
1114
-18
🇹🇼 Gurjaras · Taiwan
1057
-15
🇨🇳 Mongols · China
1025
-14
🇨🇳 Poles · China
998
-13
frommen
2:52 Loom
10:57 Feudal Age
14:43 Castle Age
12:48 Double-Bit Axe
17:55 Horse Collar
26:26 Wheelbarrow
28:54 Imperial Age
27:52 Heavy Plow
28:27 Szlachta Privileges
29:33 Scale Barding Armor
30:11 Bow Saw
29:48 Cavalier
30:53 Bloodlines
31:05 Chain Barding Armor
30:56 Forging
31:18 Husbandry
30:52 Light Cavalry
32:11 Conscription
32:27 Fortified Wall
32:45 Gold Mining
33:59 Iron Casting
34:14 Stone Mining
35:53 Blast Furnace
35:55 Lechitic Legacy
34:57 Elite Obuch
37:35 Hoardings
36:39 Winged Hussar
38:47 Scale Mail Armor
Shaheen
1:30 Loom
10:47 Feudal Age
11:24 Double-Bit Axe
16:22 Castle Age
15:00 Stone Mining
15:33 Horse Collar
17:51 Bow Saw
21:47 Wheelbarrow
22:28 Heavy Plow
23:44 Gold Mining
27:11 Scale Mail Armor
28:08 Pikeman
28:48 Squires
28:34 Arson
29:31 Forging
33:31 Imperial Age
31:50 Chain Mail Armor
32:11 Iron Casting
34:08 Hand Cart
33:38 Town Watch
35:18 Gold Shaft Mining
35:48 Two-Man Saw
35:58 Elite Samurai
38:18 Yasama
38:39 Conscription
38:57 Plate Mail Armor
39:33 Blast Furnace
tate
10:45 Feudal Age
14:35 Castle Age
12:29 Double-Bit Axe
12:52 Horse Collar
16:02 Bow Saw
20:03 Wheelbarrow
22:41 Gold Mining
27:08 Imperial Age
24:38 Town Watch
25:02 Scale Barding Armor
25:07 Forging
26:08 Gold Shaft Mining
25:24 Stone Mining
26:36 Bloodlines
26:50 Chain Barding Armor
27:59 Iron Casting
27:18 Heavy Camel Rider
27:58 Husbandry
29:42 Chemistry
30:19 Blast Furnace
31:21 Heavy Plow
31:52 Conscription
32:07 Imperial Camel Rider
33:51 Hand Cart
34:03 Husbandry
35:22 Plate Barding Armor
35:36 Shatagni
38:47 Padded Archer Armor
JorDaN
0:27 Loom
13:18 Feudal Age
18:08 Castle Age
16:09 Gold Mining
16:37 Double-Bit Axe
16:43 Horse Collar
23:49 Imperial Age
21:58 Heavy Plow
24:12 Wheelbarrow
34:32 Gold Shaft Mining
34:10 Bow Saw
东京节度使
0:30 Loom
1:47 Loom
10:37 Feudal Age
15:13 Castle Age
13:24 Double-Bit Axe
20:28 Bow Saw
23:46 Gold Mining
25:24 Gold Shaft Mining
25:44 Forging
26:43 Scale Barding Armor
LeeFvn
7:53 Loom
12:20 Feudal Age
13:02 Horse Collar
17:02 Castle Age
16:30 Double-Bit Axe
18:59 Bow Saw
21:27 Wheelbarrow
23:08 Hand Cart
28:19 Heavy Plow
28:12 Gold Mining
28:16 Stone Mining
28:37 Scale Barding Armor
29:56 Husbandry
30:07 Bloodlines
30:11 Forging
30:21 Chain Barding Armor
30:51 Gold Shaft Mining
30:54 Stone Shaft Mining
31:47 Iron Casting
30:56 Elite Skirmisher
31:52 Fletching
34:36 Imperial Age
33:19 Padded Archer Armor
33:54 Thumb Ring
34:27 Bodkin Arrow
34:48 Leather Archer Armor
35:32 Fortified Wall
35:43 Ballistics
35:46 Conscription
35:57 Parthian Tactics
36:22 Drill
35:46 Capped Ram
35:57 Elite Mangudai
36:44 Onager
karewellx
11:09 Feudal Age
14:53 Castle Age
14:58 Loom
16:01 Double-Bit Axe
16:55 Horse Collar
17:30 Bow Saw
19:58 Wheelbarrow
20:04 Wheelbarrow
20:11 Wheelbarrow
20:34 Gold Mining
20:46 Heavy Plow
25:33 Hand Cart
28:48 Imperial Age
27:05 Town Watch
30:50 Imperial Age
28:30 Scale Barding Armor
28:38 Caravan
29:37 Gold Shaft Mining
28:53 Stone Mining
29:11 Loom
31:56 Elite Elephant Archer
34:42 Thumb Ring
35:00 Chain Barding Armor
34:31 Fletching
34:41 Padded Archer Armor
36:39 Chemistry
36:00 Ballistics
954496522
11:39 Feudal Age
13:58 Double-Bit Axe
14:03 Horse Collar
16:49 Castle Age
18:06 Bow Saw
19:38 Heavy Plow
21:10 Loom
22:27 Wheelbarrow
23:46 Hand Cart
24:37 Stone Mining
25:04 Treadmill Crane
28:50 Imperial Age
26:51 Scale Barding Armor
26:50 Gold Mining
28:10 Szlachta Privileges
28:55 Forging
30:20 Conscription
30:29 Siege Engineers
31:13 Stone Shaft Mining
31:08 Ballistics
31:55 Chain Barding Armor
32:10 Iron Casting
31:40 Husbandry
31:51 Bloodlines
32:57 Chemistry
31:53 Murder Holes
32:09 Fortified Wall
31:26 Cavalier
32:45 Elite Obuch
35:12 Masonry
36:17 Blast Furnace
35:19 Scale Mail Armor
Connection lost

Rejoining the realm…

Still unreachable

The connection could not be restored.

Session expired

The server has moved on; the page needs a fresh start.